[Event "Team 45 45 League T41"]
[Site "Internet Chess Club"]
[Date "2009.05.10"]
[Round "2"]
[White "PandorasBox"]
[Black "MRuperez"]
[Result "0-1"]
[WhiteElo "2171"]
[BlackElo "2304"]
[Opening "Levitsky attack (Queen's bishop attack)"]
[ECO "D00"]
[Time "16:06:56"]
[TimeControl "2700+45"]

1. d4 d5 2. Bg5 h6 3. Bh4 c6 4. e3 Qb6 5. Qc1 Bf5 6. Nf3 e6 7. c4 Be7 8. Nc3 Nd7
9. c5 Qd8 10. Bg3 Ngf6 11. h3 O-O 12. Be2 Ne4 13. Nxe4 dxe4 14. Nd2 e5 15. dxe5
Nxc5 16. O-O Nd3 17. Bxd3 Qxd3 18. Nb3 Rad8 19. Rd1 Qxd1+ 20. Qxd1 Rxd1+ 21.
Rxd1 Rd8 22. Rxd8+ Bxd8 23. Nd4 Bd7 24. Ne2 c5 25. f4 exf3 26. gxf3 Bxh3 27. Kf2
Be6 28. a3 g5 29. f4 b5 30. e4 gxf4 31. Nxf4 Bb3 32. Ke2 Bc2 33. Kf3 b4 34. axb4
cxb4 35. e6 a5 36. exf7+ Kxf7 37. Nd5 Ke6 38. Be1 Bb3 39. Bxb4 axb4 40. Nxb4 Bg5
41. Nd3 Bd1+ 42. Kf2 Kd6 43. b4 h5 44. b5 Ba4 45. e5+ Kd5 46. b6 Kc6 47. b7 Kc7
48. Nc5 Bh4+ 49. Kg2 Bc6+ 50. Kh3 Be7 51. b8=Q+ Kxb8 52. Nd3 Bd7+ 53. Kg2 Kc7
54. Nf4 Bg4 55. Kg3 Kd7 56. Ng6 Ke6 57. Kf4 Ba3 58. Kg5 Bc1+ 59. Kh4 Kf7 60.
Nh8+ Kg7 61. e6 Kxh8 62. e7 Bd7 63. Kxh5 Kg7 64. e8=Q Bxe8+ 65. Kg4 Kf6 66. Kf3
Kf5 67. Ke2 Ke4 68. Kd1 Be3 69. Kc2 Bb5 70. Kc3 Bc5 71. Kd2 Bb4+ 72. Kc2 Bc4 73.
Kb2 Kd3 74. Kc1 Bc3 75. Kd1 Be6 76. Kc1 Be5 77. Kb1 Kc3 78. Kc1 Bg4 79. Kb1 Kb3
80. Kc1 Bf4+ {White resigns} 0-1

[Event "Team 45 45 League T41"]
[Site "Internet Chess Club"]
[Date "2009.05.07"]
[Round "2"]
[White "Morovon23"]
[Black "Despair"]
[Result "1-0"]
[WhiteElo "2132"]
[BlackElo "1920"]
[Opening "Queen's Indian defense"]
[ECO "E12"]
[Time "22:00:26"]
[TimeControl "2700+45"]

1. d4 Nf6 2. Nf3 b6 3. c4 Bb7 4. Nc3 e6 5. a3 d5 6. Bg5 h6 7. Bxf6 Qxf6 8. cxd5
exd5 9. e3 Nd7 10. Bd3 Bd6 11. Qa4 a6 12. O-O b5 13. Qc2 c5 14. Bf5 cxd4 15.
exd4 Nb6 16. Rfe1+ Kd8 17. b3 h5 18. a4 b4 19. Ne2 Bc8 20. Bxc8 Rxc8 21. Qd3 Nd7
22. Rac1 Rxc1 23. Rxc1 h4 24. h3 Nb8 25. Kf1 g5 26. Qc2 Kd7 27. Qd2 g4 28. Ne5+
Bxe5 29. dxe5 Qxe5 30. Rc5 Qa1+ 31. Nc1 Ke7 32. Qxb4 Ke6 33. Qxg4+ Kd6 34. Rc2
Qf6 35. Qb4+ Kd7 36. Nd3 Qa1+ 37. Rc1 Qa2 38. Qg4+ Ke7 39. Qg5+ f6 {Black
resigns} 1-0

[Event "Team 45 45 League T41"]
[Site "Internet Chess Club"]
[Date "2009.05.07"]
[Round "2"]
[White "matein7"]
[Black "dpawn"]
[Result "0-1"]
[WhiteElo "1864"]
[BlackElo "1878"]
[Opening "QGD Slav: 4.Nc3"]
[ECO "D15"]
[Time "21:03:58"]
[TimeControl "2700+45"]

1. d4 d5 2. c4 c6 3. Nf3 Nf6 4. Nc3 Bf5 5. Bg5 Ne4 6. Bf4 Nxc3 7. bxc3 Qa5 8.
Qb3 e6 9. Bxb8 Rxb8 10. Ne5 Bd6 11. cxd5 exd5 12. g4 Bxe5 13. dxe5 Bxg4 14. Rg1
Be6 15. O-O-O d4 16. c4 Qxe5 17. e3 dxe3 18. fxe3 b5 19. Bg2 O-O 20. Rd4 bxc4
21. Qc3 c5 22. Rxc4 Qxh2 23. Rh1 Qxg2 24. Rch4 Qg6 25. e4 Qg5+ 26. Kc2 Qg2+ 27.
Kc1 Qxa2 28. Qc2 {White resigns} 0-1

[Event "Team 45 45 League T41"]
[Site "Internet Chess Club"]
[Date "2009.05.10"]
[Round "2"]
[White "MRX"]
[Black "frank001"]
[Result "1-0"]
[WhiteElo "1738"]
[BlackElo "1961"]
[Opening "Alekhine's defense: Scandinavian variation"]
[ECO "B02"]
[Time "21:04:35"]
[TimeControl "2700+45"]

1. e4 Nf6 2. Nc3 d5 3. e5 Ne4 4. Nxe4 dxe4 5. d4 exd3 6. Qxd3 Qxd3 7. Bxd3 Nc6
8. Bf4 Bg4 9. f3 Bh5 10. O-O-O O-O-O 11. Ne2 e6 12. Ng3 Bg6 13. Bxg6 hxg6 14.
Rxd8+ Kxd8 15. Rd1+ Ke8 16. h3 Be7 17. Ne4 Nb4 18. Kb1 Nd5 19. Bc1 f6 20. exf6
gxf6 21. a3 f5 22. Nf2 Kf7 23. c4 Nb6 24. b3 a5 25. Bb2 Re8 26. a4 Bd6 27. Ka2
Nd7 28. Ba3 Nc5 29. Bxc5 Bxc5 30. Rd7+ Re7 31. Rxe7+ Kxe7 32. Nd3 Bd4 33. Kb1 g5
34. Kc2 e5 35. b4 axb4 36. Nxb4 c6 37. Kd3 Ke6 38. Nc2 Bc5 39. g4 Bf2 40. Ne3
fxg4 41. hxg4 Kd6 42. Nf5+ Kc5 43. Kc3 Be1+ 44. Kb3 Bd2 45. Kc2 Ba5 46. Kd3 Kb4
47. Nd6 b6 48. Nf7 Kxa4 49. Nxe5 c5 50. f4 gxf4 51. g5 f3 52. Nxf3 b5 53. g6 Bd8
54. g7 {Black resigns} 1-0

[Event "Team 45 45 League T41"]
[Site "Internet Chess Club"]
[Date "2009.05.09"]
[Round "2"]
[White "Intelectual"]
[Black "NFK"]
[Result "0-1"]
[WhiteElo "1891"]
[BlackElo "1731"]
[Opening "French: advance, Paulsen attack"]
[ECO "C00"]
[Time "09:01:15"]
[TimeControl "2700+45"]

1. e4 e6 2. Nf3 d5 3. e5 c5 4. c3 Nc6 5. d4 Qb6 6. Be2 h5 7. O-O Nh6 8. Na3 Nf5
9. Nc2 Be7 10. Rb1 Bd7 11. dxc5 Qxc5 12. Ncd4 O-O-O 13. Nxf5 exf5 14. Be3 Qa5
15. a4 Be6 16. b4 Qc7 17. Bd4 g5 18. b5 Nxd4 19. Qxd4 Bc5 20. Qd2 g4 21. Nd4
Qxe5 22. Rfe1 Qd6 23. a5 f4 24. a6 f3 25. axb7+ Kxb7 26. Bf1 Rdg8 27. Ra1 h4 28.
Ra6 Bb6 29. g3 hxg3 30. fxg3 Rg6 31. Qf4 Qxf4 32. gxf4 Rgh6 33. Ra2 Rf6 34. Re5
Rxf4 35. Rd2 Re4 36. Rg5 Re3 37. Kf2 Rxc3 38. Ke1 Rc1+ {White resigns} 0-1

[Event "Team 45 45 League T41"]
[Site "Internet Chess Club"]
[Date "2009.05.09"]
[Round "2"]
[White "BrerRabbit"]
[Black "cesaralexander"]
[Result "0-1"]
[WhiteElo "1604"]
[BlackElo "1941"]
[Opening "English: ultra-symmetrical variation"]
[ECO "A36"]
[Time "10:04:12"]
[TimeControl "2700+45"]

1. c4 c5 2. g3 g6 3. Bg2 Bg7 4. Nc3 Nc6 5. a3 Nf6 6. Rb1 a5 7. Nh3 e5 8. O-O O-O
9. d3 d6 10. f4 Be6 11. fxe5 dxe5 12. Ng5 Bd7 13. b3 Qc8 14. Bb2 Ne7 15. Qe1 Ng4
16. Bc1 Nf5 17. Nd5 Qd8 18. Ne4 Rc8 19. Bg5 f6 20. Bd2 Be6 21. Nec3 Kh8 22. h3
Ngh6 23. Kh2 Nd4 24. Qd1 Nhf5 25. b4 axb4 26. axb4 b6 27. bxc5 bxc5 28. Rb6 Bg8
29. Rb7 Nd6 30. Rb6 N6f5 31. Rb7 Nd6 32. Rb6 Rb8 33. Qb1 Rxb6 34. Nxb6 Qc7 35.
Nbd5 Qa7 36. Qa1 Qxa1 37. Rxa1 Rb8 38. Rb1 Rxb1 39. Nxb1 Nxe2 40. Nbc3 Nd4 41.
g4 Be6 42. Nc7 Bd7 43. N7d5 f5 44. Ne3 f4 45. Ned5 g5 46. Be4 Nxe4 47. Nxe4 Bc6
48. Nxc5 Nf3+ 49. Kh1 Nxd2 {White resigns} 0-1

[Event "Team 45 45 League T41"]
[Site "Internet Chess Club"]
[Date "2009.05.08"]
[Round "2"]
[White "chess92192"]
[Black "playwaycool"]
[Result "0-1"]
[WhiteElo "1992"]
[BlackElo "2043"]
[Opening "QGD semi-Slav: Chigorin defense"]
[ECO "D46"]
[Time "19:00:49"]
[TimeControl "2700+45"]

1. d4 d5 2. c4 c6 3. Nc3 Nf6 4. e3 e6 5. Nf3 Nbd7 6. Bd3 Bd6 7. O-O h6 8. e4
dxe4 9. Nxe4 Nxe4 10. Bxe4 O-O 11. a3 c5 12. dxc5 Nxc5 13. Bc2 a5 14. Be3 Qc7
15. b4 axb4 16. axb4 Rxa1 17. Qxa1 Na6 18. b5 Nb4 19. Bb3 b6 20. Qd4 Bc5 21. Qf4
Qxf4 22. Bxf4 Rd8 23. Rd1 Rxd1+ 24. Bxd1 Nd3 25. Bg3 f6 26. Kf1 e5 27. Nd2 Be6
28. Ke2 Nc1+ 29. Ke1 Bb4 30. Bc2 Bxc4 31. Kd1 Bxd2 32. Kxd2 Ne2 33. Bb3 Bxb3 34.
Kxe2 Bc4+ 35. Ke3 g5 36. f3 Bxb5 37. Be1 Bc6 38. Bb4 Kf7 39. g4 Be8 40. Be1 Ke6
41. h4 gxh4 42. Bxh4 h5 43. gxh5 Bxh5 44. f4 b5 45. Be1 Kd5 46. Bc3 Bg6 47. Bb4
Bb1 48. fxe5 Kxe5 49. Bc3+ Kf5 50. Kf3 Ke6 51. Ke3 f5 52. Kd4 f4 53. Kc5 f3 54.
Be1 Bd3 55. Kd4 Be2 56. Kc3 Ke5 57. Bg3+ Kf5 58. Be1 Kg4 59. Kd4 b4 60. Ke3 b3
61. Kd2 Bc4 62. Kc3 {White resigns} 0-1

[Event "Team 45 45 League T41"]
[Site "Internet Chess Club"]
[Date "2009.05.08"]
[Round "2"]
[White "superplayer"]
[Black "vollmerj"]
[Result "1-0"]
[WhiteElo "1827"]
[BlackElo "1616"]
[Opening "King's Indian: London system"]
[ECO "A48"]
[Time "18:00:23"]
[TimeControl "2700+45"]

1. d4 Nf6 2. Nf3 g6 3. Bf4 Bg7 4. Nc3 O-O 5. e4 d5 6. e5 Nh5 7. Be3 f5 8. Be2 f4
9. Bc1 Bg4 10. Ng5 Bxe2 11. Qxe2 Qd7 12. e6 Qc6 13. Qf3 Bxd4 14. Nxd5 Bf6 15.
Nxf6+ exf6 16. e7 Re8 17. Qb3+ Kh8 18. Qf7 Rxe7+ 19. Qxe7 fxg5 20. Qf8# {Black
checkmated} 1-0

[Event "Team 45 45 League T41"]
[Site "Internet Chess Club"]
[Date "2009.05.10"]
[Round "2"]
[White "werty"]
[Black "John3v16"]
[Result "1/2-1/2"]
[WhiteElo "1517"]
[BlackElo "1687"]
[Opening "Dutch"]
[ECO "A80"]
[Time "08:00:09"]
[TimeControl "2700+45"]

1. d4 f5 2. Nf3 Nf6 3. g3 g6 4. Bg2 Bg7 5. O-O O-O 6. h4 d6 7. Nbd2 Nbd7 8. Nh2
e5 9. dxe5 dxe5 10. e4 fxe4 11. Nxe4 Qe8 12. Be3 Nxe4 13. Bxe4 Nf6 14. Bd5+ Nxd5
15. Qxd5+ Kh8 16. Bc5 Rf7 17. c3 c6 18. Qd2 Bh3 19. Rfe1 b6 20. Be3 Rd8 21. Qe2
c5 22. f4 Qc6 23. Qf3 e4 24. Qe2 h5 25. Rad1 Rd3 26. Rxd3 exd3 27. Qf3 Qxf3 28.
Nxf3 Bg4 29. Nd2 Re7 30. Kf2 Be6 31. a3 c4 32. Kf3 Bd5+ 33. Kf2 b5 34. Bc5 Rxe1
35. Kxe1 a5 36. Bb6 a4 37. Kf2 Kg8 38. Ke3 Kf7 39. Kf2 Ke6 40. Ke1 Bc6 41. Bc5
Bf6 42. Bb6 Be7 43. Ba7 Kd5 44. Be3 Bc5 45. Bxc5 Kxc5 46. Kf2 Kd6 47. Ke3 Ke6
48. Kf2 Kf5 49. Ke3 Kg4 50. Kf2 Kh3 51. Nb1 Bd7 52. Nd2 Bg4 53. Nb1 Bd1 54. Nd2
Kg4 55. Nf1 Kf5 56. Ne3+ Ke4 57. Nxd1 Kd5 58. Ke3 {Game drawn by mutual
agreement} 1/2-1/2

[Event "Team 45 45 League T41"]
[Site "Internet Chess Club"]
[Date "2009.05.11"]
[Round "2"]
[White "Knight77"]
[Black "natethegreat"]
[Result "1-0"]
[WhiteElo "1916"]
[BlackElo "1866"]
[Opening "Réti: King's Indian attack"]
[ECO "A05"]
[Time "21:52:51"]
[TimeControl "2700+45"]

1. Nf3 Nf6 2. g3 g6 3. Bg2 Bg7 4. O-O d6 5. d3 O-O 6. Nbd2 c5 7. e4 Nc6 8. Re1
Ne8 9. c3 b5 10. e5 d5 11. Nb3 c4 12. Nbd4 Nxd4 13. Nxd4 Nc7 14. a4 bxa4 15.
dxc4 Bb7 16. Qxa4 e6 17. b3 Qc8 18. Ba3 Re8 19. Rab1 Bh6 20. Rb2 Na6 21. cxd5
Qxc3 22. Rd1 Nc5 23. Qb5 Rec8 24. Rc2 a6 25. Qb6 Na4 26. Qxb7 {Black resigns}
1-0

[Event "Team 45 45 League T41"]
[Site "Internet Chess Club"]
[Date "2009.05.10"]
[Round "2"]
[White "avila"]
[Black "CHESSISTA1"]
[Result "1-0"]
[WhiteElo "1771"]
[BlackElo "1645"]
[Opening "Sicilian: Pelikan (Lasker/Sveshnikov) variation"]
[ECO "B33"]
[Time "13:01:23"]
[TimeControl "2700+45"]

1. e4 c5 2. Nf3 Nc6 3. d4 cxd4 4. Nxd4 Nf6 5. Nc3 e5 6. Nb3 Bb4 7. f3 h6 8. a3
Bxc3+ 9. bxc3 Nxe4 10. fxe4 Qh4+ 11. Kd2 Qxe4 12. Qe2 Qg6 13. Qd3 f5 14. Qg3 Qf7
15. Bb2 O-O 16. Rd1 a5 17. Kc1 d5 18. Kb1 a4 19. Nd2 Be6 20. Nf3 f4 21. Qf2 Rfd8
22. Re1 e4 23. Nd4 e3 24. Qf3 Ne5 25. Qd1 Bg4 26. Be2 Bxe2 27. Qxe2 Nc4 28. Ka1
Qe7 29. g3 Nxa3 30. gxf4 Nc4 31. Ka2 Rac8 32. Qd3 Qf6 33. Rhf1 a3 34. Bc1 b5 35.
Bxe3 b4 36. cxb4 Rb8 37. c3 Nd6 38. Nc6 Ne4 39. Nxb8 Nxc3+ 40. Kb3 d4 41. Bd2
Rc8 42. Qa6 Qxf4 43. Qxc8+ Kh7 44. Rxf4 a2 45. Qf5+ g6 46. Qf7+ Kh8 47. Qf8+ Kh7
48. Rf7# {Black checkmated} 1-0

[Event "Team 45 45 League T41"]
[Site "Internet Chess Club"]
[Date "2009.05.09"]
[Round "2"]
[White "cocou"]
[Black "Caminator"]
[Result "0-1"]
[WhiteElo "1649"]
[BlackElo "1830"]
[Opening "QGD: semi-Slav"]
[ECO "D31"]
[Time "19:06:25"]
[TimeControl "2700+45"]

1. d4 d5 2. c4 e6 3. Nc3 c6 4. Bf4 dxc4 5. e4 b5 6. a3 Bb7 7. Nf3 Nd7 8. Be2
Ngf6 9. O-O Be7 10. Qc2 O-O 11. Rfd1 Nb6 12. Rac1 a5 13. Ne5 Bd6 14. Qd2 b4 15.
Nb1 Nxe4 16. Qe3 Nf6 17. Nxc4 Nbd5 18. Nxd6 Nxe3 19. fxe3 Ba6 20. Bxa6 Rxa6 21.
Nb7 Qe7 22. Nc5 Rb6 23. Nd2 Nd5 24. Nc4 Nxf4 25. exf4 Rbb8 26. Nxa5 Qc7 27. Nc4
Rbd8 28. g3 bxa3 29. bxa3 Qa7 30. a4 Rxd4 {White resigns} 0-1

[Event "Team 45 45 League T41"]
[Site "Internet Chess Club"]
[Date "2009.05.08"]
[Round "2"]
[White "soccerisfun"]
[Black "Kravier"]
[Result "0-1"]
[WhiteElo "1453"]
[BlackElo "1669"]
[Opening "Sicilian: Taimanov variation"]
[ECO "B46"]
[Time "21:00:08"]
[TimeControl "2700+45"]

1. e4 c5 2. Nf3 a6 3. d4 cxd4 4. Nxd4 e6 5. Nc3 Nc6 6. Be3 Bb4 7. Qd2 Qc7 8. Bc4
Nf6 9. f3 O-O 10. Bb3 d5 11. exd5 exd5 12. O-O-O Na5 13. Bf4 Nxb3+ 14. cxb3 Bd6
15. Bxd6 Qxd6 16. Qg5 Be6 17. Nf5 Bxf5 18. Qxf5 Rac8 19. Kb1 Rfd8 20. g3 d4 21.
Ne4 Nxe4 22. Qxe4 d3 23. Rc1 Rxc1+ 24. Rxc1 d2 25. Rd1 b5 26. f4 g6 27. Qg2 Qd3+
28. Ka1 Re8 29. Qg1 Qe2 30. Kb1 Qe4+ 31. Ka1 Qe1 32. Kb1 Qxg1 33. Rxg1 Re1+ 34.
Kc2 Rxg1 35. Kxd2 Rg2+ 36. Kc3 Rxh2 37. a4 Rh3 38. Kb4 Rxg3 39. axb5 axb5 40.
Kxb5 Rxb3+ 41. Kc4 Rxb2 42. f5 g5 43. Kd5 Re2 44. f6 g4 45. Kd4 Re6 46. Kd5 g3
47. Kd4 g2 48. Kd5 g1=Q 49. Kc4 Re5 50. Kc3 Re4 51. Kd3 Qd4+ 52. Kc2 Qf2+ 53.
Kd3 Qf3+ 54. Kd2 Re2+ 55. Kd1 Qf1# {White checkmated} 0-1

[Event "Team 45 45 League T41"]
[Site "Internet Chess Club"]
[Date "2009.05.09"]
[Round "2"]
[White "knight2f3"]
[Black "smsxman"]
[Result "1-0"]
[WhiteElo "1480"]
[BlackElo "1505"]
[Opening "Queen's pawn game, Darooha variation "]
[ECO "D02"]
[Time "10:39:20"]
[TimeControl "2700+45"]

1. d4 d5 2. Nf3 Nf6 3. c4 e6 4. g3 Nc6 5. Bg2 Bb4+ 6. Nbd2 dxc4 7. O-O c3 8.
bxc3 Bxc3 9. Rb1 O-O 10. e3 b6 11. Qc2 Bxd2 12. Nxd2 Nxd4 13. Qc4 Rb8 14. Qxd4
Qxd4 15. exd4 Ba6 16. Rd1 Bd3 17. Rb4 a5 18. Rb2 Rfd8 19. Nb3 Bc4 20. Bf4 Rdc8
21. Rc2 Bd5 22. Rdc1 Bxg2 23. Kxg2 Nd5 24. Bxc7 Rb7 25. Be5 Rxc2 26. Rxc2 f6 27.
Bd6 Rd7 28. Rc8+ Kf7 29. Rc6 a4 30. Nc1 b5 31. Nd3 Nc3 32. a3 Ne4 33. Rc7 Ke8
34. Rxd7 Kxd7 35. Bf4 g5 36. Be3 Kc6 37. Kf3 Nd6 38. Nc5 h6 39. Nxe6 Nc4 40. Bc1
Kd5 41. Ng7 Nd6 42. Bb2 Nc4 43. Bc1 Nd6 44. Nh5 f5 45. Bd2 Kxd4 46. Bb4 Nf7 47.
Ng7 Ne5+ 48. Ke2 Ke4 49. Ne6 Kd5 50. Ng7 Ke4 51. Ne8 Kd5 52. f4 Nc6 53. Nc7+ Kc4
54. Bf8 h5 55. fxg5 Nd4+ 56. Kf2 Nc6 57. g6 b4 58. Bxb4 Nxb4 59. g7 Nc2 60.
g8=Q+ Kc3 {Black resigns} 1-0

[Event "Team 45 45 League T41"]
[Site "Internet Chess Club"]
[Date "2009.05.12"]
[Round "2"]
[White "beerss"]
[Black "katabatico"]
[Result "1-0"]
[WhiteElo "1417"]
[BlackElo "1314"]
[Opening "Bird: From gambit"]
[ECO "A02"]
[Time "12:00:07"]
[TimeControl "2700+45"]

1. f4 e5 2. fxe5 d6 3. Nf3 Nc6 4. e4 dxe5 5. Bb5 Bd6 6. O-O Bg4 7. c3 Nf6 8. d3
O-O 9. Qe1 h6 10. Be3 Nb8 11. Nbd2 c6 12. Ba4 b5 13. Bb3 Nbd7 14. Bc2 Re8 15.
Nb3 a5 16. a3 a4 17. Nbd2 Nc5 18. Nh4 Ncd7 19. Nf5 Bf8 20. Qh4 Bxf5 21. Rxf5 Nh7
22. Qg3 Re6 23. Raf1 Rg6 24. Qh3 Ndf6 25. d4 Ng4 26. Rxf7 Nxe3 27. Qxe3 Rf6 28.
R7xf6 gxf6 29. Qg3+ Ng5 30. Nf3 exd4 31. Nxg5 fxg5 32. Bd3 dxc3 33. bxc3 Bxa3
34. Qf3 Qf8 35. Qg4 Bc5+ 36. Kh1 Qd6 37. Qe2 a3 38. e5 Qd5 39. Be4 Qe6 40. Bf5
Qb3 41. e6 a2 42. e7 Bxe7 43. Be6+ Kg7 44. Bxb3 a1=Q 45. Qxe7+ Kh8 46. Qf6+ Kh7
47. Bc2+ Kg8 48. Qf7+ {Black resigns} 1-0

[Event "Team 45 45 League T41"]
[Site "Internet Chess Club"]
[Date "2009.05.10"]
[Round "2"]
[White "DrOMM"]
[Black "seldredg"]
[Result "0-1"]
[WhiteElo "1313"]
[BlackElo "1434"]
[Opening "Scandinavian: Pytel-Wade variation"]
[ECO "B01"]
[Time "15:30:16"]
[TimeControl "2700+45"]

1. e4 d5 2. exd5 Qxd5 3. Nc3 Qd6 4. g3 Nf6 5. Bg2 a6 6. d3 e6 7. Bf4 Qd8 8. Ne4
Be7 9. Ne2 Nc6 10. a3 Rb8 11. b4 e5 12. Be3 Ng4 13. N2c3 Nxe3 14. fxe3 Bg5 15.
Qf3 Nd4 16. exd4 Qxd4 17. Ke2 Bh6 18. Rhf1 O-O 19. g4 f6 20. h4 Be6 21. Qf2
Bxg4+ 22. Bf3 Bxf3+ 23. Qxf3 f5 24. Nc5 Qxc3 25. Nd7 Qd2# {White checkmated} 0-1

[Event "Team 45 45 League T41"]
[Site "Internet Chess Club"]
[Date "2009.05.14"]
[Round "2"]
[White "andrew0311"]
[Black "NXS"]
[Result "0-1"]
[WhiteElo "1388"]
[BlackElo "1435"]
[Opening "French: exchange variation"]
[ECO "C01"]
[Time "19:05:31"]
[TimeControl "2700+45"]

1. e4 e6 2. d4 d5 3. exd5 exd5 4. Nc3 Nf6 5. Nf3 c6 6. Bf4 Be7 7. Be2 O-O 8. O-O
Bg4 9. Ne5 Bxe2 10. Qxe2 Nbd7 11. h3 Re8 12. Qd3 a6 {adjudicate 15-May-09 "7"}
13. Rfe1 Bb4 14. a3 Ba5 15. b4 Nxe5 16. Rxe5 Rxe5 17. Bxe5 Bc7 18. Re1 Bxe5 19.
Rxe5 Qd6 20. Rg5 Qf4 21. Rg3 Qc1+ 22. Kh2 Qxa3 23. Re3 Qxb4 24. Ne2 Qd6+ 25. g3
Qd7 26. Nf4 Re8 27. Rf3 Ne4 28. Qd1 Ng5 29. Rd3 Ne4 30. Qf3 Ng5 31. Qh5 h6 32.
Kg2 Ne6 33. Ne2 Qd6 34. c3 Qa3 35. h4 Nc7 36. Rf3 Re7 37. Qf5 Ne8 38. c4 Qb2 39.
Nc3 dxc4 40. Qc5 Re1 41. Qxc4 Re7 42. d5 cxd5 43. Qxd5 Nf6 44. Qd8+ Re8 45. Qc7
Qb4 46. Rf4 Qe7 47. Qc4 Qd7 48. Rd4 Qc6+ 49. Qxc6 bxc6 50. Rd6 Re6 51. Rd8+ Kh7
52. Rf8 Kg6 53. Na4 Ne4 54. Ra8 c5 55. Rc8 Nd6 56. Rxc5 Ne4 57. Ra5 Nd2 58. Nc5
Re5 59. Nb3 Rxa5 60. Nxa5 f5 61. f3 Kf6 62. Kf2 Ke5 63. Ke3 Nf1+ 64. Kf2 Nd2 65.
Ke2 Nb1 66. Kd3 Na3 67. f4+ Kd5 68. h5 Nb5 69. Nb3 Nd6 70. Nd4 a5 71. Kc3 Ne4+
72. Kd3 Nxg3 73. Kc3 Ke4 74. Ne6 Nxh5 75. Kc4 Nxf4 76. Nxf4 Kxf4 77. Kb5 g5 78.
Kxa5 g4 79. Kb4 g3 80. Kc4 g2 81. Kd5 g1=Q 82. Ke6 h5 83. Kd5 h4 84. Kd6 h3 85.
Kd5 h2 86. Ke6 h1=Q 87. Kd6 Qh6+ 88. Kd5 Qd1+ 89. Kc5 Ke4 90. Kb5 Qdc1 91. Ka4
Qh8 92. Ka5 Qb8 93. Ka6 Qa1# {White checkmated} 0-1

[Event "Team 45 45 League T41"]
[Site "Internet Chess Club"]
[Date "2009.05.09"]
[Round "2"]
[White "SeniorCitizen"]
[Black "Nikhil03"]
[Result "0-1"]
[WhiteElo "1382"]
[BlackElo "1492"]
[Opening "Danish gambit"]
[ECO "C21"]
[Time "08:00:14"]
[TimeControl "2700+45"]

1. e4 e5 2. d4 exd4 3. c3 dxc3 4. Bc4 cxb2 5. Bxb2 Bb4+ 6. Nd2 Nf6 7. Nf3 d6 8.
Qb3 Bxd2+ 9. Nxd2 Qe7 10. O-O Nbd7 11. Nf3 b6 12. e5 Nxe5 13. Nxe5 dxe5 14. Bxe5
Be6 15. Bxf6 Qxf6 16. Bb5+ Kf8 17. Qa3+ Qe7 18. Qf3 Rd8 19. a4 Qg5 20. Qb7 Bd5
21. Bc6 Qxg2# {White checkmated} 0-1

[Event "Team 45 45 League T41"]
[Site "Internet Chess Club"]
[Date "2009.05.07"]
[Round "2"]
[White "rayspokemon"]
[Black "chips"]
[Result "1-0"]
[WhiteElo "1323"]
[BlackElo "1207"]
[Opening "Caro-Kann: two knights variation"]
[ECO "B10"]
[Time "20:30:55"]
[TimeControl "2700+45"]

1. e4 c6 2. Nf3 d5 3. Nc3 e6 4. d4 dxe4 5. Nxe4 Nf6 6. Nc3 g6 7. Bd3 Bg7 8. Be3
O-O 9. O-O Nbd7 10. Qe2 Ng4 11. Bf4 Re8 12. h3 Bh6 13. Bxh6 Nxh6 14. Rfe1 Kg7
15. Ne5 Nxe5 16. Qxe5+ Qf6 17. Qxf6+ Kxf6 18. Re3 Kg7 19. Rae1 f5 20. g3 Ng8 21.
Bc4 Kf6 22. d5 e5 23. f4 e4 24. g4 b5 25. Bb3 b4 26. Na4 Bd7 27. dxc6 Bxc6 28.
gxf5 gxf5 29. c3 bxc3 30. Nxc3 Re7 31. Bd5 Rc7 32. Rc1 Ne7 33. Bxc6 Rxc6 34.
Nd5+ Kf7 35. Rxc6 Nxc6 36. a3 Rg8+ 37. Kf1 Nd4 38. Rc3 Ne6 39. Rc2 Rg3 40. Rc3
Rxc3 41. bxc3 Nc5 42. Ke2 Ke6 43. Nc7+ Kf6 44. Nb5 a6 45. Nc7 Kg6 46. Kf2 Nd3+
47. Kg3 Nc5 48. c4 a5 49. Nd5 Kh5 50. h4 a4 51. Ne3 Kg6 52. Kh3 h5 53. Kg3 Kf6
54. Nd5+ Kg6 55. Nb6 Kf6 56. Kf2 Nd3+ 57. Ke3 Nc5 58. Kd4 Nd3 59. Nd5+ Ke6 60.
c5 Kf7 61. c6 Ke8 62. Kc4 Kd8 63. Kb5 Nb2 64. Kb6 Kc8 65. Ne7+ {Black resigns}
1-0

[Event "Team 45 45 League T41"]
[Site "Internet Chess Club"]
[Date "2009.05.11"]
[Round "2"]
[White "BigH"]
[Black "clarinetref"]
[Result "1/2-1/2"]
[WhiteElo "1730"]
[BlackElo "1736"]
[Opening "English opening"]
[ECO "A30"]
[Time "13:36:09"]
[TimeControl "2700+45"]

1. Nf3 Nf6 2. c4 c5 3. Nc3 d5 4. d4 cxd4 5. Nxd4 dxc4 6. g3 e5 7. Ndb5 Qxd1+ 8.
Nxd1 Na6 9. Bg2 Bb4+ 10. Ndc3 O-O 11. O-O Rb8 12. Nxa7 Bxc3 13. Nxc8 Rfxc8 14.
bxc3 b5 15. Bg5 Rb6 16. Rfd1 h6 17. Bxf6 Rxf6 18. Rd5 Rc5 19. Rad1 Rxd5 20. Rxd5
b4 21. Be4 g6 22. Rxe5 bxc3 23. Re8+ Kg7 24. Rc8 Nb4 25. Rxc4 Nxa2 26. Kf1 Rb6
27. Bd5 Rb1+ 28. Kg2 Rb2 29. Rc7 Rxe2 30. Rxf7+ Kh8 31. Bxa2 Rxa2 32. Rc7 c2 33.
Kf3 Kg8 34. Ke3 Kf8 35. h4 Rb2 36. f3 Rb3+ 37. Ke2 Rb2 38. Kd2 Rb3 39. Rxc2 Rxf3
40. Rc3 Rxc3 41. Kxc3 Kf7 42. Kd4 Kf6 43. Ke4 Ke6 44. Kf4 Kf6 45. Ke4 Ke6 46.
Kf4 Kf6 47. Kg4 Ke5 48. Kf3 h5 49. Ke3 Kf5 50. Kf3 g5 51. hxg5 {Game drawn by
mutual agreement} 1/2-1/2

[Event "Team 45 45 League T41"]
[Site "Internet Chess Club"]
[Date "2009.05.08"]
[Round "2"]
[White "cysk"]
[Black "tryanything"]
[Result "1-0"]
[WhiteElo "1542"]
[BlackElo "1606"]
[Opening "QGD: Albin counter-gambit, 5.g3"]
[ECO "D09"]
[Time "18:04:39"]
[TimeControl "2700+45"]

1. d4 d5 2. c4 e5 3. dxe5 d4 4. Nf3 Nc6 5. g3 Bb4+ 6. Bd2 Nge7 7. Bg2 Ng6 8. a3
Bxd2+ 9. Nbxd2 Ncxe5 10. Nb3 Nxc4 11. Qxd4 Qxd4 12. Nfxd4 Nce5 13. Rc1 c6 14. f4
Ng4 15. Nxc6 Ne3 16. Bf3 Bg4 17. Nca5 Bxf3 18. exf3 b6 19. Kf2 bxa5 20. Rhe1 Kd7
21. Rxe3 Rab8 22. Nc5+ Kd6 23. Rd3+ Ke7 24. Re1+ {Black resigns} 1-0

[Event "Team 45 45 League T41"]
[Site "Internet Chess Club"]
[Date "2009.05.07"]
[Round "2"]
[White "Aquaman"]
[Black "AngryPirate"]
[Result "1-0"]
[WhiteElo "1381"]
[BlackElo "1426"]
[Opening "French: Winawer (Nimzovich) variation"]
[ECO "C15"]
[Time "20:00:12"]
[TimeControl "2700+45"]

1. d4 e6 2. e4 d5 3. Nc3 Bb4 4. a3 Bxc3+ 5. bxc3 dxe4 6. f3 exf3 7. Nxf3 Nf6 8.
Bd3 b6 9. O-O Bb7 10. Bg5 h6 11. Bh4 g5 12. Be1 Nbd7 13. Bb5 Qe7 14. Ne5 O-O-O
15. Nc6 Bxc6 16. Bxc6 Ne5 17. Bb5 c6 18. Ba6+ Kc7 19. Qe2 Ned7 20. Bg3+ e5 21.
dxe5 Nxe5 22. Qxe5+ {Black resigns} 1-0

[Event "Team 45 45 League T41"]
[Site "Internet Chess Club"]
[Date "2009.05.08"]
[Round "2"]
[White "BrerRabbit"]
[Black "tiki5140"]
[Result "1-0"]
[WhiteElo "1608"]
[BlackElo "1353"]
[Opening "English opening"]
[ECO "A20"]
[Time "19:06:15"]
[TimeControl "2700+45"]

1. c4 e5 2. g3 Nf6 3. Bg2 c6 4. d4 exd4 5. Qxd4 d5 6. cxd5 cxd5 7. Nf3 Nc6 8.
Qa4 Bc5 9. O-O O-O 10. a3 Re8 11. b4 Bd4 12. Nxd4 Nxd4 13. e3 Ne2+ 14. Kh1 Nxc1
15. Rxc1 a6 16. Qd1 Be6 17. Nc3 Rc8 18. Ne2 Ng4 19. Kg1 Rxc1 20. Rxc1 Nf6 21.
Qc2 Qc8 22. Qxc8 Rxc8 23. Rxc8+ Bxc8 24. Nc3 Be6 25. Kf1 b5 26. Ke2 Kf8 27. h3
Ke7 28. Kd3 Kd6 29. Kd4 g6 30. g4 h6 31. Bf1 Bd7 32. Bg2 Be6 33. f4 Kc6 34. g5
hxg5 35. fxg5 Nh7 36. h4 f6 37. gxf6 Nxf6 38. Ke5 Ng4+ 39. Kxe6 Nxe3 40. Bxd5+
Kc7 41. Be4 Nc4 42. Nb1 g5 43. hxg5 Nd6 44. g6 Nxe4 45. g7 Ng5+ 46. Kf5 Nf7 47.
Kf6 Nh6 48. Nc3 Ng8+ 49. Ke6 Kc6 50. Ne4 Kb6 51. Nf6 Nh6 52. Ng4 Ng8 53. Kf7 a5
54. Kxg8 axb4 55. axb4 Kc6 56. Ne3 Kd6 57. Kf7 Ke5 58. g8=Q Kd4 59. Qg5 Kc3 60.
Qxb5 Kb3 61. Qc5 Ka4 62. b5 Ka5 63. b6+ Ka6 64. b7 Kxb7 65. Ke7 Ka8 66. Kd7 Kb8
67. Qb4+ Ka8 68. Kc6 Ka7 69. Qb7# {Black checkmated} 1-0